 Dungeon Crawl Stone Soup version 0.30.1 (webtiles) character file.

Game seed: 9143675213609866561

16 spardeous the Digger (level 2, -3/11 HPs)
             Began as a Felid Earth Elementalist on July 9, 2023.
             Killed by nerve-wracking pain
             ... invoked by an orc priest
              (14 damage)
             ... on level 2 of the Dungeon.
             The game lasted 00:00:43 (343 turns).

spardeous the Digger (Felid Earth Elementalist)      Turns: 343, Time: 00:00:44

Health: -3/11      AC:  1    Str:  4    XL:     2   Next: 37%
Magic:  2/6        EV: 17    Int: 16    God:
Gold:   4          SH:  0    Dex: 16    Spells: 4/5 levels left
                                        Lives:  0   Deaths: 0

rFire   . . .        (weapon unavailable)
rCold   . . .        (shield unavailable)
rNeg    . . .        (body armour unavailable)
rPois   .            (helmet unavailable)
rElec   .            (cloak unavailable)
rCorr   .            (gloves unavailable)
SInv    +            (boots unavailable)
Will    .....        (no amulet)
Stlth   ++           (no ring)
HPRegen 0.21/turn    (no ring)
MPRegen 0.10/turn

%: no passive effects
@: quick
A: very small, claws 1, fangs 3, see invisible, speed 1, shaggy fur 1, stealthy
paws, no weapons or thrown items, no armour, multi-lived
a: no special abilities


You were on level 2 of the Dungeon.
You visited 1 branch of the dungeon, and saw 2 of its levels.

You collected 4 gold pieces.

Inventory:

Scrolls
 b - a scroll of identify {unknown}
 c - a scroll of teleportation {unknown}
Potions
 a - a potion of magic
 d - 2 potions of flight {unknown}


   Skills:
 - Level 2.6 Dodging
 - Level 2.6 Stealth
 - Level 2.0 Spellcasting
 - Level 1.1 Transmutations
 + Level 3.4 Earth Magic


You had 4 spell levels left.
You knew the following spells:

 Your Spells              Type           Power      Damage    Failure   Level
a - Sandblast             Erth           24%        2d8       4%          1

Your spell library contained the following spells:

 Spells                   Type           Power      Damage    Failure   Level
 Passwall                 Tmut/Erth      6%         N/A       12%         2
 Stone Arrow              Conj/Erth      14%        3d7       30%         3
 Petrify                  Tmut/Erth      8%         N/A       63%         4


Dungeon Overview and Level Annotations

Branches:
Dungeon (2/15)

Altars:


Innate Abilities, Weirdness & Mutations

You have sharp claws.
You have razor-sharp teeth.
You have supernaturally acute eyesight. (SInv)
You cover ground quickly. (Speed+)
You are covered in fur. (AC +1)
Your paws help you pounce on unaware monsters.
You are incapable of wielding weapons or throwing items.
You cannot wear armour.
You gain extra lives every three experience levels.


Message History

The blast of sand misses the bat.
The bat hits you.
Casting: Sandblast (safe; 5% risk of failure)
Confirm with . or Enter, or press ? or * to list all spells.
Aiming: Sandblast (safe; 5% risk of failure)
Press: ? - help, Shift-Dir - straight line, f/p - bat
Aim: a bat (73% to hit)
The blast of sand hits the bat!
You kill the bat!
An orc comes into view.
It is wielding a +1 short sword of freezing.
The orc shouts!
Casting: Sandblast (safe; 4% risk of failure)
Confirm with . or Enter, or press ? or * to list all spells.
Aiming: Sandblast (safe; 4% risk of failure)
Press: ? - help, Shift-Dir - straight line, f - orc
Aim: an orc, wielding a +1 short sword of freezing (82% to hit)
The blast of sand hits the orc!
You kill the orc!
An orc comes into view. It is wielding a +0 club.
An orc priest comes into view.
It is wielding a +2 short sword of freezing.
You start resting.
An orc priest is nearby!
Sorry, you're not good enough to have a special ability.
Casting: Sandblast (safe; 4% risk of failure)
Confirm with . or Enter, or press ? or * to list all spells.
Aiming: Sandblast (safe; 4% risk of failure)
Press: ? - help, Shift-Dir - straight line, f - orc priest
Aim: an orc priest, wielding a +2 short sword of freezing and wearing a +0 leather armour (wandering, hasn't noticed you, 82% to hit)
The blast of sand hits the orc priest but does no damage.
The orc priest shouts!
Casting: Sandblast (safe; 4% risk of failure)
Confirm with . or Enter, or press ? or * to list all spells.
Aiming: Sandblast (safe; 4% risk of failure)
Press: ? - help, Shift-Dir - straight line, f/p - orc priest
Aim: an orc priest, wielding a +2 short sword of freezing and wearing a +0 leather armour (82% to hit)
The blast of sand hits the orc priest.
The orc priest is moderately wounded.
The orc priest invokes the aid of Beogh against you.
Pain shoots through your body!
Ouch! That really hurt!
You die...

#.......## #.# #........#
#.# #........###.# ...
#.........##.# ...
#.......#.##.# ....
#.......#.##.## ....
#.......#.....# ...
######'#####..########.####
#.....@..........)....#
#.....o.##.......#o##.#
#.......########.#
#########'#......... ....
..........#.######## ##.#o#
###########........ ....#
#..........†###### ##. #
#.#######...##### ..
#.#####.......... ..


You could see an orc priest.

Vanquished Creatures
  An orc (D:2)
  2 bats
  2 endoplasms
  A giant cockroach (D:2)
  A goblin (D:2)
  2 hobgoblins (D:2)
  A kobold (D:2)
  A frilled lizard (D:2)
  2 rats
13 creatures vanquished.

Notes
Turn   | Place    | Note
-------+----------+-------------------------------------------
     0 | D:1      | spardeous the Felid Earth Elementalist began the quest for
                  | the Orb.
     0 | D:1      | Reached XP level 1. HP: 7/7 MP: 4/4
   156 | D:2      | Reached skill level 3 in Earth Magic
   214 | D:2      | Reached XP level 2. HP: 11/11 MP: 3/6
   343 | D:2      | Killed from afar by an orc priest

Illustrated notes

Levels and vault maps discovered:
D:1:      dpeg_arrival_refuge, layout_rooms
D:2:      layout_basic, nicolae_shop_unique_rings

Skill      XL: |  1 |
---------------+----+-----
Earth Magic    | 3 |  3.4
Dodging        | |  2.6
Stealth        | |  2.6
Spellcasting   | |  2.0
Transmutations | |  1.1

Action                     || total
---------------------------++-------
   Cast: Sandblast         ||    19
  Dodge: Dodged            ||     3
